 Dungeon Crawl Stone Soup version 0.27.1-2-g3b301248ec (webtiles) character file.

Game seed: 4582759442231965500

237 H0rd4k the Charlatan (level 6, -1/44 HPs)
             Began as a Human Artificer on Sept 27, 2021.
             Shot with a bolt by a kobold brigand (9 damage)
             ... on level 4 of the Dungeon.
             The game lasted 00:05:55 (4917 turns).

H0rd4k the Charlatan (Human Artificer)              Turns: 4917, Time: 00:05:56

Health: -1/44      AC:  6    Str: 15    XL:     6   Next: 28%
Magic:  6/6        EV: 12    Int: 11    God:
Gold:   155        SH:  0    Dex: 13    Spells: 5/5 levels left

rFire    . . .     SeeInvis .   h - +0 dagger
rCold    . . .     Faith    .   (no shield)
rNeg     . . .     Spirit   .   b - +0 leather armour
rPois    .         Reflect  .   (no helmet)
rElec    .         Harm     .   p - +2 cloak
rCorr    .         Rampage  .   (no gloves)
Will     .....                  (no boots)
Stlth    +.........             (no amulet)
HPRegen  0.14/turn              (no ring)
MPRegen  0.10/turn              (no ring)

@: no status effects
A: high mp 1
a: no special abilities


You were on level 4 of the Dungeon.
You visited 1 branch of the dungeon, and saw 4 of its levels.

You collected 155 gold pieces.

Inventory:

Hand Weapons
 a - a +0 club
 h - a +0 dagger (weapon)
Missiles
 n - 27 poisoned darts (quivered)
Armour
 b - a +0 leather armour (worn)
 g - a +2 pair of boots
 i - a scarf of invisibility
 p - a +2 cloak (worn)
Wands
 d - a wand of charming (12)
Scrolls
 j - a scroll of fear {unknown}
 l - 3 scrolls of identify {unknown}
 o - a scroll of vulnerability {unknown}
Potions
 k - a potion of cancellation {unknown}
Miscellaneous
 e - a piece from Xom's chessboard (15/15)


   Skills:
 + Level 2.2 Fighting
 + Level 2.4 Short Blades
 + Level 1.4 Throwing
 + Level 3.1 Armour
 + Level 3.2 Dodging
 - Level 1.0 Stealth
 + Level 3.2 Evocations


You had 5 spell levels left.
You didn't know any spells.
Your spell library contained the following spells:

 Spells                   Type           Power      Damage    Failure   Level
 Animate Skeleton         Necr           0%         N/A       41%         1
 Apportation              Tloc           0%         N/A       41%         1
 Corona                   Hex            0%         N/A       41%         1
 Summon Small Mammal      Summ           0%         N/A       41%         1
 Gell's Gravitas          Tloc           0%         N/A       78%         3
 Lesser Beckoning         Tloc           0%         N/A       78%         3
 Teleport Other           Tloc           0%         N/A       78%         3


Dungeon Overview and Level Annotations

Branches:
Dungeon (4/15)
 Temple: D:4-7

Altars:

Annotations:
D:2 exclusion: downstairs, Sigmund


Innate Abilities, Weirdness & Mutations

You have an increased reservoir of magic. (+10% MP)


Message History

g - Guard the area. f - Follow me.
Anything else - Cancel.
Guard this area!
The kobold brigand shoots a bolt.
The bolt hits you. The bolt burns you. The goblin hits you but does no damage.
You hit the goblin but do no damage.
The kobold brigand shoots a bolt.
The bolt hits you!
* * * LOW HITPOINT WARNING * * *
The bolt burns you.
* * * LOW HITPOINT WARNING * * *
What are your orders? t - Shout!
Orders for allies: a - Attack new target. p - Attack previous target. r - Retreat! s - Stop attacking. g - Guard the area. f - Follow me.
Anything else - Cancel.
Guard this area!
The goblin closely misses you.
The kobold brigand shoots a bolt.
The bolt hits your black bear! The bolt burns your black bear.
Your black bear bites the goblin!
The goblin dies!
It was a potion of mutation.
You feel extremely strange.
You feel more energetic.
Your black bear bites something.
Your black bear claws something.
Your black bear claws something but does no damage.
Something completely misses your black bear.
It was a potion of curing.
You feel better.
Your black bear bites something!
You feel a bit more experienced.
The kobold brigand shoots a bolt.
The bolt hits you but does no damage.
Your black bear bites the kobold brigand.
Your black bear closely misses the kobold brigand.
Your black bear claws the kobold brigand but does no damage.
The kobold brigand shoots a bolt.
The bolt hits you.
* * * LOW HITPOINT WARNING * * *
The bolt burns you.
* * * LOW HITPOINT WARNING * * *
Something bites the kobold brigand.
Something barely misses the kobold brigand.
Something claws the kobold brigand.
The kobold brigand shoots a bolt.
The bolt hits you!
You die...

........#......#
........#......#.#
.............#.#.#
#.....hK.....#.##
#...$.K..........
#####........#.#
###.##)......# #
#...####.##..###.#
#.#.........@†...#
#.#########..#####
#.# #..# #.# #..#
#.# #..# #.# #...
#.# #.>.♣
#†####.#..###..
#."..S....


You could see a kobold brigand.

Vanquished Creatures
  A centaur skeleton (D:3)
  Jessica (D:2)
  Robin (D:3)
  5 adders
  An ufetubus (D:2)
  An adder skeleton (D:4)
  3 ball pythons
  9 endoplasms
  7 giant cockroaches
  13 goblins
  12 hobgoblins
  7 jackals
  3 quokkas
  6 bats
  3 frilled lizards
  10 kobolds
  6 rats
89 creatures vanquished.

Vanquished Creatures (collateral kills)
  A howler monkey (D:4)
  A dart slug (D:1)
  A ball python (D:4)
  An endoplasm (D:4)
  A goblin (D:4)
  A hobgoblin (D:4)
  A jackal (D:1)
7 creatures vanquished.

Vanquished Creatures (others)
  A quokka (D:1)
1 creature vanquished.

Grand Total: 97 creatures vanquished

Notes
Turn   | Place    | Note
-------+----------+-------------------------------------------
     0 | D:1      | H0rd4k the Human Artificer began the quest for the Orb.
     0 | D:1      | Reached XP level 1. HP: 15/15 MP: 1/1
   549 | D:1      | Reached XP level 2. HP: 16/21 MP: 2/2
  1049 | D:1      | Reached skill level 1 in Short Blades
  1169 | D:1      | Reached XP level 3. HP: 24/26 MP: 3/3
  2066 | D:1      | HP: 1/26 [quokka (4)]
  2559 | D:2      | Noticed Sigmund
  2564 | D:2      | Reached XP level 4. HP: 32/32 MP: 4/4
  2688 | D:2      | Noticed Jessica
  2694 | D:2      | Killed Jessica
  2797 | D:2      | Found a faded altar of an unknown god.
  3211 | D:2      | Reached XP level 5. HP: 38/38 MP: 5/5
  4509 | D:3      | Reached skill level 1 in Throwing
  4536 | D:3      | Noticed Robin
  4541 | D:3      | Killed Robin
  4542 | D:3      | Reached XP level 6. HP: 39/44 MP: 6/6
  4865 | D:4      | Noticed an ogre
  4901 | D:4      | Noticed a black bear
  4913 | D:4      | Gained mutation: You have an increased reservoir of magic.
                  | (+10% MP) [potion of mutation]
  4917 | D:4      | Shot with a bolt by a kobold brigand

Illustrated notes

Levels and vault maps discovered:
D:1:      lemuel_arrival_hallway, layout_basic, st_stairs_10
D:2:      layout_basic, dreamdust_ecumenical_altar_statues,
          minmay_divided_ellipse, uniq_sigmund, uniq_jessica
D:3:      layout_rooms, minmay_misc_feat_four_crosses, uniq_robin
D:4:      minmay_wonky_spiral, layout_basic, serial_shops, shop, shop, shop,
          shop, nicolae_shop_trees, uniq_ijyb

Skill      XL: |  1  2  3  4  5  6 |
---------------+-------------------+-----
Short Blades   | 1 2 |  2.4
Dodging        | 2 3 |  3.2
Armour         | 3 |  3.1
Fighting       | 2 |  2.2
Throwing       | 1 |  1.4
Stealth        | |  1.0
Evocations     | |  3.2

Action                   |  1- 3 |  4- 6 || total
-------------------------+-------+-------++-------
Melee: Dagger            |   200 |   307 ||   507
       Club              |    13 |       ||    13
Throw: Dart              |       |    12 ||    12
Evoke: Wand              |     2 |    16 ||    18
  Use: Potion            |       |     2 ||     2
 Stab: Sleeping          |     1 |     1 ||     2
Armor: Leather armour    |    52 |    89 ||   141
Dodge: Dodged            |   130 |   201 ||   331
